 Dungeon Crawl Stone Soup version 0.22-a0-254-gaf95ca0 (webtiles) character file.

5770 RoseArtemis the Cleaver (level 10, 0/139 HPs)
             Began as a Minotaur Fighter on Mar 5, 2018.
             Was a High Priest of Okawaru.
             Succumbed to a hornet's poison
             ... on level 8 of the Dungeon.
             The game lasted 00:18:45 (8912 turns).

RoseArtemis the Cleaver (Minotaur Fighter)          Turns: 8912, Time: 00:18:45

Health: 0/139      AC: 25    Str: 23    XL:     10   Next: 49%
Magic:  8/9        EV:  2    Int:  5    God:    Okawaru [*****.]
Gold:   417        SH: 12    Dex: 11    Spells: 9/9 levels left

rFire    . . .     SeeInvis .   a - +3 hand axe (flame)
rCold    . . .     Gourm    .   c - +0 shield
rNeg     + + +     Faith    .   (armour currently unavailable)
rPois    +         Spirit   .   (helmet currently unavailable)
rElec    .         Reflect  .   (cloak currently unavailable)
rCorr    .         Harm     .   (gloves currently unavailable)
MR       .....     NoTele   +   (boots currently unavailable)
Stlth    +.........             (no amulet)
HPRegen  0.33/turn              (no ring)
MPRegen  0.11/turn              (no ring)

@: lethally poisoned (0 -> -1), tree-form
A: (retaliatory headbutt)
a: Heroism, Finesse, Renounce Religion


You were on level 8 of the Dungeon.
You worshipped Okawaru.
Okawaru was extremely pleased with you.
You were not hungry.
You were a tree.
You visited 1 branch of the dungeon, and saw 8 of its levels.

You collected 465 gold pieces.
You spent 48 gold pieces at shops.

Inventory:

Hand Weapons
 a - a +3 hand axe of flaming (weapon)
 G - a +0 hunting sling
Armour
 c - a +0 shield (worn)
 g - a +1 leather armour of poison resistance (melded)
 j - a +0 cloak (melded)
 A - a +0 pair of gloves (melded)
 C - a +0 pair of boots (melded)
 H - a +0 cloak
Jewellery
 y - an uncursed ring of magical power
 I - an uncursed ring of ice {unknown}
Wands
 x - a wand of iceblast (10)
 B - a wand of digging (5)
 J - a wand of scattershot (7)
Scrolls
 b - a scroll of acquirement {unknown}
 d - 3 scrolls of remove curse
 e - 8 scrolls of teleportation
 k - 3 scrolls of fog
 l - a scroll of random uselessness {unknown}
 p - a scroll of amnesia
 q - a scroll of enchant armour {unknown}
 t - a scroll of enchant weapon
 u - a scroll of blinking
 D - a scroll of noise {unknown}
 F - a scroll of silence {unknown}
 K - a scroll of identify
Potions
 h - 4 potions of lignification
 i - 2 potions of mutation
 n - a potion of brilliance
 o - a potion of degeneration {unknown}
 r - a potion of might
 s - 2 potions of magic
 w - a potion of ambrosia {unknown}
 z - a potion of invisibility {unknown}
 E - a potion of flight {unknown}
Comestibles
 f - 18 rations
 L - a chunk of flesh


   Skills:
 + Level 9.8 Fighting
   Level 4.0 Short Blades
 * Level 12.0 Axes
 - Level 6.0 Armour
 + Level 9.9 Shields


You had 9 spell levels left.
You didn't know any spells.

Dungeon Overview and Level Annotations

Branches:
Dungeon (8/15)             Temple (0/1) D:7
   Lair: D:8-11

Altars:
Cheibriados
Hepliaklqana
Makhleb
Okawaru
Sif Muna
Vehumet
Xom

Shops:
D:5 :   D:6 ?


Innate Abilities, Weirdness & Mutations

((You reflexively headbutt those who attack you in melee.))
((You have a pair of horns on your head.))


Message History

You hit the hornet. You burn the hornet.
You kill the hornet!
Okawaru accepts your kill.
Your base Axes skill increases to level 12!
There is a lethal amount of poison in your body!
You turn into a tree.
Your +0 cloak melds into your body.
Your +0 pair of gloves melds into your body.
Your +0 pair of boots melds into your body.
Your +1 leather armour of poison resistance melds into your body.
Your roots penetrate the ground.
You feel like a meek peon again.
* * * LOW HITPOINT WARNING * * *
You feel sick.
* * * LOW HITPOINT WARNING * * *
You feel sick.
* * * LOW HITPOINT WARNING * * *
You feel sick.
* * * LOW HITPOINT WARNING * * *
You feel sick.
You die...

### #.#### ##.##♣#
#....#†#
#########..##.#.#
#..........# #.#.#
#........#.############
#........##.....###...#
#................##.###
.........#.......#..#
............#.......#.##


There were no monsters in sight!

Vanquished Creatures
  Grinder (D:6)
  4 hornets (D:8)
  Prince Ribbit (D:6)
  A hippogriff (D:8)
  Sigmund (D:3)
  Eustachio (D:4)
  6 yaks (D:8)
  3 hungry ghosts
  Menkaure (D:5)
  2 soldier ants (D:5)
  Duvessa (D:5)
  An orc warrior (D:7)
  4 ice beasts
  2 phantoms (D:6)
  A sky beast (D:5)
  A centaur (D:5)
  2 ogres
  Dowan (D:5)
  2 scorpions (D:5)
  5 killer bees (D:7)
  A howler monkey (D:6)
  2 crimson imps (D:5)
  A bullfrog zombie (D:8)
  2 hounds
  2 jellies
  A bullfrog skeleton (D:8)
  Crazy Yiuf (D:6)
  4 iguanas
  Natasha (twice) (D:2)
  3 orc wizards (D:5)
  10 worker ants
  2 hound zombies
  2 hound skeletons
  11 adders
  2 shadow imps
  An ooze (D:4)
  An adder skeleton (D:7)
  3 worms
  4 leopard geckos
  11 orcs
  6 bats
  7 giant cockroaches
  6 goblins
  4 hobgoblins
  14 jackals
  A quokka (D:8)
  3 ball pythons
  7 frilled lizards
  8 kobolds
  2 leopard gecko skeletons
  A quokka skeleton (D:4)
  4 rats
170 creatures vanquished.

Notes
Turn   | Place    | Note
-------+----------+-------------------------------------------
     0 | D:1      | RoseArtemis the Minotaur Fighter began the quest for the Orb.
     0 | D:1      | Reached XP level 1. HP: 19/19 MP: 0/0
   141 | D:1      | Reached XP level 2. HP: 27/27 MP: 1/1
   308 | D:1      | Found an iron altar of Okawaru.
   359 | D:1      | Became a worshipper of Warmaster Okawaru
   811 | D:2      | Reached XP level 3. HP: 33/33 MP: 2/2
   980 | D:2      | Found a burning altar of Makhleb.
   989 | D:2      | Reached XP level 4. HP: 33/40 MP: 3/3
  1069 | D:2      | Noticed Natasha
  1075 | D:2      | Killed Natasha
  1189 | D:2      | Noticed Natasha
  1196 | D:2      | Killed Natasha
  1604 | D:2      | Reached XP level 5. HP: 42/47 MP: 4/4
  1941 | D:2      | Found a radiant altar of Vehumet.
  1993 | D:3      | Noticed Sigmund
  2024 | D:3      | Killed Sigmund
  2024 | D:3      | Reached * piety under Okawaru
  2024 | D:3      | Reached skill level 2 in Axes
  2024 | D:3      | Reached skill level 5 in Armour
  2024 | D:3      | Reached skill level 5 in Shields
  2024 | D:3      | Reached XP level 6. HP: 7/55 MP: 5/5
  2559 | D:3      | Found a snail-covered altar of Cheibriados.
  2629 | D:3      | Found a deep blue altar of Sif Muna.
  2792 | D:4      | Noticed Eustachio
  2802 | D:4      | Reached skill level 5 in Fighting
  2813 | D:4      | Killed Eustachio
  2813 | D:4      | Reached skill level 3 in Axes
  2989 | D:4      | Reached XP level 7. HP: 59/61 MP: 6/6
  3264 | D:4      | Reached skill level 4 in Axes
  3437 | D:4      | Found a burning altar of Makhleb.
  3448 | D:4      | Found a hazy altar of Hepliaklqana.
  4115 | D:5      | Entered Level 5 of the Dungeon
  4115 | D:5      | Found a shimmering altar of Xom.
  4247 | D:5      | Reached skill level 5 in Axes
  4341 | D:5      | Noticed Duvessa
  4342 | D:5      | Noticed Dowan
  4350 | D:5      | Reached ** piety under Okawaru
  4350 | D:5      | Reached XP level 8. HP: 58/70 MP: 7/7
  4353 | D:5      | Killed Duvessa
  4353 | D:5      | Reached skill level 6 in Axes
  4363 | D:5      | Killed Dowan
  4697 | D:5      | Found Biruc's Book Shop.
  4842 | D:5      | Noticed Menkaure
  4846 | D:5      | Killed Menkaure
  4846 | D:5      | Reached skill level 7 in Axes
  5132 | D:5      | Found a runed door.
  5145 | D:5      | Found a runed door.
  5514 | D:5      | Reached *** piety under Okawaru
  5514 | D:5      | Reached skill level 8 in Axes
  5706 | D:6      | Reached XP level 9. HP: 79/79 MP: 8/8
  5767 | D:6      | Noticed Grinder
  5775 | D:6      | Paralysed by Grinder for 2 turns
  5788 | D:6      | Paralysed by Grinder for 7 turns
  5799 | D:6      | Killed Grinder
  5799 | D:6      | Reached skill level 9 in Axes
  6162 | D:6      | Found Zotewkei's Magic Scroll Emporium.
  6166 | D:6      | Noticed Prince Ribbit
  6192 | D:6      | Killed Prince Ribbit
  6352 | D:6      | Bought a scroll of identify for 24 gold pieces
  6352 | D:6      | Bought a scroll of identify for 24 gold pieces
  6699 | D:6      | Found a runed door.
  6913 | D:6      | Noticed Crazy Yiuf
  6917 | D:6      | Killed Crazy Yiuf
  7358 | D:7      | Found a staircase to the Ecumenical Temple.
  7424 | D:7      | Reached **** piety under Okawaru
  7629 | D:7      | Reached skill level 10 in Axes
  8217 | D:8      | Reached XP level 10. HP: 61/91 MP: 9/9
  8221 | D:8      | Reached skill level 11 in Axes
  8881 | D:8      | Reached ***** piety under Okawaru
  8886 | D:8      | Paralysed by a hornet for 3 turns
  8903 | D:8      | HP: 2/92 [hornet (16)]
  8904 | D:8      | Reached skill level 12 in Axes
  8908 | D:8      | HP: 1/139 [poisoned by a hornet]
  8912 | D:8      | Succumbed to a hornet's poison

Vault maps used:
D:1:      roderic_chinese_lattice_arrival, st_stairs_7,
          minmay_misc_feat_pillars, okawaru_ov_weapons_minmay
D:2:      lemuel_upstairs_altar, makhleb_heckhound_becter, uniq_natasha
D:3:      nicolae_overflow_hidden_temple, st_stairs_3, uniq_sigmund
D:4:      mumra_celtic_spiral_tile, amethyst_overflow_temple_binary,
          first_ration, uniq_eustachio
D:5:      lemuel_insect_pit, xom_teletrap_fun, serial_shops, shop,
          uniq_menkaure, uniq_duvessa
D:6:      serial_shops, nicolae_shop_trees, grunt_ministairs_1, minivault_5,
          hangedman_decor_opposing, minmay_misc_feat_plants,
          uniq_crazy_yiuf_cottage, uniq_grinder, uniq_prince_ribbit1
D:7:      temple_green, nicolae_underground_beach
D:8:      hangedman_pestilent_swarm

Skill      XL: |  1  2  3  4  5  6  7  8  9 10 |
---------------+-------------------------------+-----
Fighting       | 4 5 6 7 9 |  9.8
Short Blades   | 3 4 |  4.0
Armour         | 4 5 6 |  6.0
Shields        | 4 5 6 7 9 |  9.9
Axes           | 2 3 5 8 10 12 | 12.0

Action                   |  1- 3 |  4- 6 |  7- 9 | 10-12 || total
-------------------------+-------+-------+-------+-------++-------
Melee: Rapier            |    62 |    70 |       |       ||   132
       Headbutt          |     8 |    15 |    65 |    18 ||   106
       Hand axe          |       |    25 |   376 |    81 ||   482
Invok: Heroism           |       |       |     2 |     1 ||     3
  Use: Potion            |       |     3 |       |     5 ||     8
       Scroll            |       |     4 |     8 |     4 ||    16
  Eat: Chunk             |       |     7 |    17 |     5 ||    29
Armor: Scale mail        |    20 |    50 |    64 |       ||   134
       Leather armour    |       |       |    24 |    17 ||    41
Dodge: Dodged            |    12 |    37 |    64 |    12 ||   125
Block: Shield            |    32 |    55 |   185 |    33 ||   305

Table legend:
 A = Spawn XP
 B = Non-spawn XP
 C = Spawn XP percentage of total XP
 D = Spawn monster count
 E = Non-spawn monster count
 F = Spawn count percentage of total count
 G = Total turns spent on level
                    A         B        C        D         E        F      G
               +---------+---------+-------+---------+---------+-------+---------
         Total |       0 |    8244 |   0.0 |       0 |     170 |   0.0 |  8912
               +---------+---------+-------+---------+---------+-------+---------
           D:1 |       0 |      32 |   0.0 |       0 |      19 |   0.0 |   766
           D:2 |       0 |     177 |   0.0 |       0 |      19 |   0.0 |  1016
           D:3 |       0 |     269 |   0.0 |       0 |      14 |   0.0 |   997
           D:4 |       0 |     416 |   0.0 |       0 |      18 |   0.0 |  1336
           D:5 |       0 |    1855 |   0.0 |       0 |      39 |   0.0 |  1574
           D:6 |       0 |    1152 |   0.0 |       0 |      13 |   0.0 |  1290
           D:7 |       0 |     886 |   0.0 |       0 |      25 |   0.0 |  1181
           D:8 |       0 |    3457 |   0.0 |       0 |      23 |   0.0 |   752
               +---------+---------+-------+---------+---------+-------+---------
